 Seeded DCSS version 0.30.1-11-g7821555f0a (webtiles) character file.

Game seed: 5 (custom seed)

8 Kazon the Cudgeller (level 2, 0/17 HPs)
             Began as a Gargoyle Gladiator on Nov 28, 2023.
             Slain by a goblin
             ... wielding a +0 dagger
              (1 damage)
             ... on level 1 of the Dungeon.
             The game lasted 00:00:58 (99 turns).

Kazon the Cudgeller (Gargoyle Gladiator)              Turns: 99, Time: 00:00:59

Health: 0/17       AC:  3    Str: 17    XL:     2   Next: 8%
Magic:  2/2        EV: 12    Int:  8    God:
Gold:   0          SH:  0    Dex: 11    Spells: 1/1 levels left

rFire   . . .        (no weapon)
rCold   . . .        (no shield)
rNeg    + . .        (no body armour)
rPois   ∞            c - +0 helmet
rElec   +            (no cloak)
rCorr   .            (no gloves)
SInv    .            (no boots)
Will    .....        (no amulet)
Stlth   +            (no ring)
HPRegen 0.22/turn    (no ring)
MPRegen 0.08/turn

%: no passive effects
@: no status effects
A: sickness immunity, AC +2, negative energy resistance 1, electricity
resistance, torment resistance 1, petrification resistance
a: no special abilities


You were on level 1 of the Dungeon.
You visited 1 branch of the dungeon, and saw 1 of its levels.

Inventory:

Missiles
 d - 3 throwing nets (quivered)
 e - a javelin
Armour
 c - a +0 helmet (worn)
Scrolls
 f - a scroll of acquirement


   Skills:
 + Level 2.2 Fighting
 + Level 3.2 Maces & Flails
 + Level 1.7 Throwing
 + Level 0.5 Armour
 + Level 2.6 Dodging


You had one spell level left.
You didn't know any spells.
Your spell library was empty.

Dungeon Overview and Level Annotations

Branches:
Dungeon (1/15)

Altars:


Innate Abilities, Weirdness & Mutations

You are immune to sickness and miasma.
Your stone body is resilient. (AC +2)
You are immune to poison.
You resist negative energy. (rN+)
You are resistant to electric shocks. (rElec)
You are resistant to unholy torment.
You are immune to petrification.


Message History

The jackal bites you.
* * * LOW HITPOINT WARNING * * *
The goblin hits you with a +0 dagger.
* * * LOW HITPOINT WARNING * * *
The jackal barely misses you.
You hit the jackal.
The jackal is heavily wounded.
The jackal barely misses you. x2; The jackal completely misses you.
The goblin splashes around in the water.
The jackal misses you. The jackal closely misses you.
You hit the jackal.
The jackal is almost dead.
The jackal closely misses you. The jackal barely misses you. x2
The goblin hits you but does no damage. The jackal misses you.
You barely miss the jackal.
The jackal is almost dead.
The jackal bites you but does no damage.
The jackal bites you.
* * * LOW HITPOINT WARNING * * *
The jackal closely misses you. The goblin barely misses you.
You barely miss the jackal.
The jackal is almost dead.
The jackal bites you but does no damage. x2
The jackal misses you. The goblin hits you but does no damage.
The jackal barely misses you. The jackal closely misses you.
You hit the jackal.
You kill the jackal!
The jackal bites you but does no damage. x2
The goblin hits you but does no damage.
You hit the goblin.
The goblin is moderately wounded.
The jackal bites you but does no damage.
The jackal misses you. The goblin hits you with a +0 dagger.
* * * LOW HITPOINT WARNING * * *
The goblin barely misses you. The jackal barely misses you.
The jackal misses you.
You barely miss the goblin.
The goblin is moderately wounded.
The goblin hits you with a +0 dagger.
You die...

+........ #..?.....
#........ #...$....!
#.......... #..........#
#hg........#
##@hJ.......#.#
#g♣♣♣P♣.....#.#
##♣~~♣~~~~....#.#
♣♣~~≈~~~P~~....#.#
P~~~~≈≈≈~~~~♣### #.#
~~~~~≈≈≈~~~P~♣####.#
~~~~~~~~~~~~~~~....#####
PP~~~~P~~P..~~~.........
♣♣~~....~.~.~....$######


You could see an endoplasm, 2 jackals and 2 goblins.

Vanquished Creatures
  An endoplasm (D:1)
  5 jackals (D:1)
6 creatures vanquished.

Notes
Turn   | Place    | Note
-------+----------+-------------------------------------------
     0 | D:1      | Kazon the Gargoyle Gladiator began the quest for the Orb.
     0 | D:1      | Reached XP level 1. HP: 12/12 MP: 1/1
    48 | D:1      | Identified a scroll of acquirement
    71 | D:1      | Reached XP level 2. HP: 13/17 MP: 2/2
    99 | D:1      | Slain by a goblin

Illustrated notes

Levels and vault maps discovered:
D:1:      ebering_trefoil_3fold, layout_basic, st_stairs_14, serial_bayou_ford_a

Action                     || total
---------------------------++-------
  Melee: Flail             ||    20
         Unarmed           ||    20
 Armour: Leather armour    ||     5
         Skin              ||    19
  Dodge: Dodged            ||    58
